 Dungeon Crawl Stone Soup version 0.19-a0-809-g2f88ffd (webtiles) character file.

185 AlphabetPasta the Magician (level 5, -3/31 HPs)
             Began as an Octopode Wizard on June 27, 2016.
             Was an Initiate of Vehumet.
             Killed from afar by an orc wizard (9 damage)
             ... with a puff of frost
             ... on level 4 of the Dungeon.
             The game lasted 00:20:33 (3897 turns).

AlphabetPasta the Magician (Octopode Wizard)        Turns: 3897, Time: 00:20:33

Health: -3/31      AC:  1    Str:  6    XL:     5   Next: 64%
Magic:  7/10       EV: 12    Int: 21    God:    Vehumet [......]
Gold:   177        SH:  0    Dex: 11    Spells: 5 memorised, 1 level left

rFire  . . .     SeeInvis .     e - -1 mace
rCold  . . .     Gourm    .     (no shield)
rNeg   . . .     Faith    .     a - +0 hat
rPois  .         Spirit   .     (no amulet)
rElec  .         Dismiss  .     (no ring)
rCorr  .         Reflect  .     (no ring)
SustAt .         Harm     .     (no ring)
MR     .....                    (no ring)
Stlth  +++.......               (no ring)
                                (no ring)
                                (no ring)
                                (no ring)

@: very slightly contaminated, repel missiles, not resistant to hostile
enchantments, fairly stealthy
A: almost no armour, amphibious, 8 rings, constrict 8, camouflage 1, gelatinous
body 1
a: Renounce Religion


You were on level 4 of the Dungeon.
You worshipped Vehumet.
Vehumet was noncommittal.
You were not hungry.

You visited 1 branch of the dungeon, and saw 4 of its levels.

You collected 177 gold pieces.

Inventory:

Hand Weapons
 e - a -1 mace (weapon)
Armour
 a - a +0 hat (worn)
 k - a +0 buckler
Scrolls
 i - a scroll of amnesia
 o - 2 scrolls of remove curse
 r - a scroll of magic mapping
Potions
 d - 2 potions of resistance
 g - a potion of haste
 h - a potion of mutation
 j - 2 potions of curing
 m - a potion of flight
 p - a potion of degeneration
 q - 2 potions of agility
Books
 b - a book of Minor Magic

   Spells                             Type                      Level
   a - Magic Dart                     Conjuration                  1
   b - Blink                          Translocation                2
   c - Call Imp                       Summoning                    2
   d - Repel Missiles                 Charms/Air                   2
   e - Slow                           Hexes                        2
   f - Conjure Flame                  Conjuration/Fire             3
   g - Mephitic Cloud                 Conjuration/Poison/Air       3
Comestibles
 c - 2 bread rations
 f - a chunk of flesh
 l - a meat ration
 n - 2 beef jerkies


   Skills:
 - Level 2.7 Dodging
 - Level 2.6 Stealth
 + Level 1.0 Shields
 * Level 3.8 Spellcasting
 + Level 3.3 Conjurations
 - Level 0.8 Charms
 - Level 1.0 Summonings
 - Level 1.0 Translocations
 + Level 1.3 Fire Magic


You had one spell level left.
You knew the following spells:

 Your Spells              Type           Power        Failure   Level  Hunger
a - Magic Dart            Conj           ###.         3%          1    None
b - Blink                 Tloc           N/A          14%         2    #......
c - Call Imp              Summ           #.......     14%         2    #......
d - Repel Missiles        Chrm/Air       #.....       17%         2    #......
e - Conjure Flame         Conj/Fire      ##......     17%         3    ###....


Dungeon Overview and Level Annotations

Branches:
Dungeon (4/15)
 Temple: D:4-7

Altars:
Qazlal
Sif Muna
Vehumet


Innate Abilities, Weirdness & Mutations

You cannot wear most types of armour.
You are amphibious.
You can wear up to eight rings at the same time.
You can use your tentacles to constrict eight enemies at once.
Your skin changes colour to match your surroundings (Stealth+).
Your rubbery body absorbs attacks. (AC +1)


Message History

The orc wizard gestures at you while chanting.
The magic dart hits you!
The orc wizard casts a cantrip, but nothing happens.
The orc wizard casts a spell.
The orc wizard flickers and vanishes!
Deactivating autopickup; reactivate with Ctrl-A.
The orc wizard casts a spell at you. The puff of flame hits you!
* * * LOW HITPOINT WARNING * * *
Casting: Magic Dart
Confirm with . or Enter, or press ? or * to list all spells.
Aiming: Magic Dart
Press: ? - help, Shift-Dir - straight line, f/p - orc wizard
Aim: an orc wizard, wielding a dagger and wearing a robe (moderately wounded, constricted by you, fast)
The magic dart hits the orc wizard.
The orc wizard is heavily wounded.
You constrict the orc wizard.
The orc wizard points at you and mumbles some strange words.
The puff of frost hits you!
You die...

### ##.## ##...##
##.....## .##.....##
..##.###.#########
.....# #..)......#
..##.###.#######.#
..##....## #@#
[.#...### #o###
##.....## **#oo.#
#.......## **,###{#
.........#***,,,**.#
.........+,,,,,,,*.#
.........#***,,,**o#
#.......##
**,***o#**
##...<.##***
****,..,*


You could see an orc wizard and 2 orcs.

Vanquished Creatures
  4 gnolls
  4 adders
  An ooze (D:2)
  2 worms (D:2)
  2 dart slugs (D:1)
  2 giant geckos
  4 orcs
  6 giant cockroaches
  10 hobgoblins
  6 jackals (D:1)
  11 bats
  2 giant newts
  10 goblins
  9 kobolds
  8 rats
81 creatures vanquished.

Vanquished Creatures (collateral kills)
  An adder (D:2)
1 creature vanquished.

Grand Total: 82 creatures vanquished

Notes
Turn   | Place    | Note
--------------------------------------------------------------
     0 | D:1      | AlphabetPasta the Octopode Wizard began the quest for the Orb.
     0 | D:1      | Reached XP level 1. HP: 11/11 MP: 4/4
   507 | D:1      | Learned a level 1 spell: Magic Dart
   574 | D:1      | Reached XP level 2. HP: 11/17 MP: 0/6
   578 | D:1      | Learned a level 2 spell: Blink
   581 | D:1      | Learned a level 2 spell: Call Imp
   584 | D:1      | Learned a level 2 spell: Repel Missiles
  1304 | D:1      | Reached XP level 3. HP: 17/21 MP: 0/7
  1881 | D:2      | Found a stormy altar of Qazlal.
  1882 | D:2      | Noticed a fire elemental
  1884 | D:2      | Noticed an air elemental
  1888 | D:2      | Found a faded altar of an unknown god.
  2016 | D:2      | Reached XP level 4. HP: 27/27 MP: 0/9
  2072 | D:2      | Noticed a water elemental
  2457 | D:2      | Noticed an earth elemental
  2845 | D:2      | Found a radiant altar of Vehumet.
  2851 | D:2      | Became a worshipper of Vehumet
  2938 | D:2      | Reached XP level 5. HP: 31/31 MP: 8/10
  2943 | D:2      | Learned a level 3 spell: Conjure Flame
  3266 | D:3      | Found a deep blue altar of Sif Muna.
  3661 | D:4      | Reached skill level 1 in Fire Magic
  3752 | D:3      | Reached skill level 1 in Shields
  3897 | D:4      | Killed from afar by an orc wizard

Vault maps used:
D:1:      ncdulo_smallfort
D:2:      nicolae_overflow_crystal_walls, nicolae_qazlal_style_of_elements,
          ecumenical_altar_2
D:3:      led_sif_pool
D:4:      cheibriados_altar_wand_db, nemelex_spade_bored_becter

Skill      XL: |  1  2  3  4  5 |
---------------+----------------+-----
Conjurations   | 2 3 |  3.3
Fire Magic     | 1 |  1.3
Shields        | 1 |  1.0
Dodging        | |  2.7
Stealth        | |  2.6
Spellcasting   | |  3.8
Charms         | |  0.8
Summonings     | |  1.0
Translocations | |  1.0

Action                   |  1- 3 |  4- 6 || total
-------------------------+-------+-------++-------
Melee: Mace              |    21 |    13 ||    34
       Unarmed           |     5 |       ||     5
       Constrict         |     6 |     5 ||    11
       Tentacles         |       |     2 ||     2
 Cast: Magic Dart        |    94 |   125 ||   219
       Repel Missiles    |     2 |       ||     2
       Call Imp          |     1 |       ||     1
  Use: Scroll            |     3 |     9 ||    12
  Eat: Chunk             |     3 |     6 ||     9
Armor: Skin              |     4 |     3 ||     7
Dodge: Dodged            |    27 |    25 ||    52
       Deflected         |     3 |       ||     3
